 Dungeon Crawl Stone Soup version 0.17.1-2-g5865329 (webtiles) character file.

14 Glider the Insei (level 2, 0/18 HPs)
             Began as an Octopode Transmuter on Jan 28, 2016.
             Succumbed to a kobold's poison
             ... on level 2 of the Dungeon.
             The game lasted 00:02:34 (254 turns).

Glider the Insei (Octopode Transmuter)               Turns: 254, Time: 00:02:34

Health: 0/18       AC:  1    Str: 15    XL:     2   Next: 41%
Magic:  5/5        EV: 18    Int: 15    God:
Gold:   25         SH:  0    Dex: 17    Spells: 2 memorised, 2 levels left

rFire  . . .     SeeInvis .     e - +0 dagger
rCold  . . .     Clarity  .     (no shield)
rNeg   . . .     SustAt   .     (helmet restricted)
rPois  .         Gourm    .     (no amulet)
rElec  .         Spirit   .     h - +6 ring of strength
rCorr  .         Warding  .     (no ring)
rMut   .         Stasis   .     (no ring)
MR     .....                    (no ring)
Stlth  ++++......               (no ring)
                                (no ring)
                                (no ring)
                                (no ring)

@: agile, lethally poisoned (0 -> -3), not resistant to hostile enchantments,
stealthy
A: almost no armour, amphibious, 8 rings, constrict 8, camouflage 1, gelatinous
body 1
a: no special abilities


You were on level 2 of the Dungeon.
You were not hungry.

You visited 1 branch of the dungeon, and saw 2 of its levels.

You collected 25 gold pieces.

Inventory:

Hand Weapons
 e - a +0 dagger (weapon)
Missiles
 a - 12 arrows
Jewellery
 h - a +6 ring of strength (left tentacle)
Wands
 i - a wand of frost (29)
Scrolls
 d - a scroll of remove curse {unknown}
Books
 b - a book of Changes

   Spells                             Type                      Level
   a - Beastly Appendage              Transmutation                1
   b - Sticks to Snakes               Transmutation                2
   c - Spider Form                    Transmutation/Poison         3
   d - Ice Form                       Ice/Transmutation            4
   e - Blade Hands                    Transmutation                5
Comestibles
 c - a bread ration
 f - 4 chunks of flesh


   Skills:
 - Level 1.0 Fighting
 - Level 2.0 Dodging
 * Level 1.9 Stealth
 - Level 3.0 Unarmed Combat
 - Level 2.0 Spellcasting
 * Level 2.5 Transmutations


You had 2 spell levels left.
You knew the following spells:

 Your Spells              Type           Power        Failure   Level  Hunger
a - Beastly Appendage     Trmt           #.....       10%         1    #......
b - Sticks to Snakes      Trmt           #.........   12%         2    ###....


Dungeon Overview and Level Annotations

Branches:
Dungeon (2/15)

Altars:

Annotations:
D:2 Ijyb


Innate Abilities, Weirdness & Mutations

You cannot wear most types of armour.
You are amphibious.
You can wear up to eight rings at the same time.
You can use your tentacles to constrict eight enemies at once.
Your skin changes colour to match your surroundings (Stealth).
Your rubbery body absorbs attacks (AC +1).


Message History

* * * LOW HITPOINT WARNING * * *
You closely miss the hobgoblin. Your grab misses the hobgoblin.
The hobgoblin is severely wounded.
The hobgoblin hits you.
* * * LOW HITPOINT WARNING * * *
Drink which item? (? for menu, Esc to quit)
It was a potion of agility.
You feel agile all of a sudden. The hobgoblin misses you.
You hit the hobgoblin but do no damage. Your grab misses the hobgoblin.
The hobgoblin is severely wounded.
* * * LOW HITPOINT WARNING * * *
You feel sick. The hobgoblin misses you.
You hit the hobgoblin.
You kill the hobgoblin!
Items here: ) ††† a whip of venom; a bat corpse; a rat corpse; a kobold corpse Butcher a bat corpse? [(y)es/(c)hop/(n)o/(a)ll/(q)uit/?]
You butcher the bat corpse.
You stop butchering the corpses.
You die...

.................).......
.............##.#..####..
####...####.....#...#
#...# #...#####.# #...#
#.....#...# #...#
#.....#..##### ##.#
##......#..... ###......#
#†#@##.# #.#.# # .....
#..###. #.. .. ... ##
.... #..


There were no monsters in sight!

Vanquished Creatures
  A giant gecko (D:2)
  2 bats
  3 hobgoblins
  A ball python (D:1)
  4 kobolds
  2 rats
13 creatures vanquished.

Notes
Turn   | Place    | Note
--------------------------------------------------------------
     0 | D:1      | Glider the Octopode Transmuter began the quest for the Orb.
     0 | D:1      | Reached XP level 1. HP: 13/13 MP: 3/3
   139 | D:1      | Reached skill level 1 in Stealth
   165 | D:1      | You fall through a shaft!
   169 | D:2      | Noticed Ijyb
   214 | D:2      | Reached XP level 2. HP: 18/18 MP: 5/5
   226 | D:2      | Learned a level 2 spell: Sticks to Snakes
   254 | D:2      | Succumbed to a kobold's poison

Action                   || total
-------------------------++-------
Melee: Unarmed           ||     8
       Dagger            ||    19
  Use: Potion            ||     1
 Stab: Sleeping          ||     4
